 Dungeon Crawl Stone Soup version 0.21-a0-401-g0b6bec4 (webtiles) character file.

79953 theanonym the Severer (level 15, 157/157 HPs)
             Began as a Hill Orc Fighter on Oct 22, 2017.
             Was a High Priest of Beogh.
             Quit the game on level 2 of the Swamp.
             The game lasted 01:15:20 (30987 turns).

theanonym the Severer (Hill Orc Fighter)           Turns: 30987, Time: 01:15:21

Health: 157/157    AC: 23    Str: 31    XL:     15   Next: 65%
Magic:  22/22      EV: 10    Int:  8    God:    Beogh [*****.]
Gold:   1226       SH: 20    Dex: 13    Spells: 14/14 levels left

rFire    + . .     SeeInvis .   l - +1 war axe (chop)
rCold    + . .     Gourm    .   c - +1 shield
rNeg     . . .     Faith    .   W - +0 swamp dragon scales
rPois    +         Spirit   .   K - +2 helmet
rElec    .         Reflect  +   k - +0 cloak {+Inv}
rCorr    .         Harm     .   g - +1 pair of gloves {Str+3}
MR       +....                  n - +2 pair of boots {run}
Stlth    +.........             f - +4 amulet of reflection
HPRegen  0.36/turn              m - +3 ring of dexterity
MPRegen  0.18/turn              H - ring of Ukludubb {rF+ rC+ Str+2 Dex+2}

@: quick
A: walk on water, talons 1, clumsy 1, robust 1
a: Smiting, Recall Orcish Followers, Give Item to Named Follower, Renounce
Religion, Evoke Invisibility


You were on level 2 of the Swamp.
You worshipped Beogh.
Beogh was extremely pleased with you.
You were very hungry.

You visited 4 branches of the dungeon, and saw 23 of its levels.
You also visited: Sewer and Volcano.

You collected 2637 gold pieces.
You spent 1411 gold pieces at shops.

Inventory:

Hand Weapons
 l - a +1 war axe of chopping (weapon)
   (You found it on level 2 of the Orcish Mines)
 V - the cursed +1 arbalest "Roli" {venom, rN++ Str-3 Dex+3, unknown}
   (You found it on level 5 of the Lair of Beasts)

   It poisons the ammo it fires.
   It affects your strength (-3).
   It affects your dexterity (+3).
   It greatly protects you from negative energy.
   It has a curse placed upon it.
Armour
 c - a +1 shield (worn)
 g - a +1 pair of gloves of strength (worn)
   (You acquired it on level 1 of the Orcish Mines)
 k - a +0 cloak of invisibility (worn)
   (You acquired it on level 5 of the Dungeon)
 n - a +2 pair of boots of running (worn)
   (You acquired it on level 1 of the Orcish Mines)
 K - a +2 helmet (worn)
   (You found it on level 11 of the Dungeon)
 Q - a +0 plate armour
   (You found it on level 1 of the Orcish Mines)
 W - +0 swamp dragon scales (worn)
   (You found it on level 1 of the Swamp)
Jewellery
 d - an uncursed ring of poison resistance {unknown}
   (You found it on level 1 of the Swamp)
 f - a +4 amulet of reflection (around neck)
   (You found it on level 6 of the Lair of Beasts)
 m - a +3 ring of dexterity (left hand)
   (You found it on level 2 of the Dungeon)
 H - the ring of Ukludubb (right hand) {rF+ rC+ Str+2 Dex+2}
   (You found it on level 2 of the Lair of Beasts)

   [ring of protection from fire]

   It affects your strength (+2).
   It affects your dexterity (+2).
   It protects you from fire.
   It protects you from cold.
 L - an uncursed ring of resist corrosion
   (You found it on level 10 of the Dungeon)
 R - an uncursed ring of protection from cold
   (You found it on level 3 of the Lair of Beasts)
Wands
 j - a wand of clouds (7/9)
   (You found it on level 2 of the Swamp)
 z - a wand of enslavement (5/24)
   (You found it on level 6 of the Dungeon)
 I - a wand of clouds (2/9)
   (You found it on level 12 of the Dungeon)
 J - a wand of paralysis (11/24)
   (You found it on level 2 of the Lair of Beasts)
Scrolls
 b - 4 scrolls of recharging
 e - 12 scrolls of remove curse
 i - 17 scrolls of teleportation
 q - a scroll of torment
 r - 4 scrolls of identify
 t - a scroll of holy word {unknown}
 u - 2 scrolls of magic mapping
 v - 4 scrolls of blinking
 x - 4 scrolls of immolation {unknown}
 y - a scroll of summoning {unknown}
 E - 2 scrolls of fear {!r}
 P - 5 scrolls of enchant weapon {unknown}
 U - 3 scrolls of vulnerability {unknown}
Potions
 h - 12 potions of curing
 o - a potion of heal wounds
 s - a potion of cancellation
 D - a potion of flight
 F - a potion of lignification {unknown}
 O - 2 potions of resistance
 S - 2 potions of mutation {!q}
 T - 2 potions of invisibility
Books
 G - a book of Enchantments
   (You found it on level 6 of the Lair of Beasts)

   Spells                             Type                      Level
   a - Cause Fear                     Hexes                        4
   b - Yara's Violent Unravelling     Hexes/Transmutation          5
   c - Silence                        Hexes/Air                    5
   d - Deflect Missiles               Charms/Air                   6
   e - Discord                        Hexes                        8
Miscellaneous
 a - a lightning rod (4/4)
   (You found it on level 1 of the Swamp)
 B - a phantom mirror
 N - a phial of floods
   (You found it on level 12 of the Dungeon)
Comestibles
 p - 8 royal jellies
 w - 18 fruits
 A - 7 meat rations
 C - 6 bread rations


   Skills:
 + Level 15.7 Fighting
 - Level 16.0 Axes
 + Level 14.5 Armour
 + Level 14.5 Shields
 - Level 10.0 Invocations


You had 14 spell levels left.
You didn't know any spells.

Dungeon Overview and Level Annotations

Branches:
Dungeon (13/15)            Temple (0/1) D:7            Lair (6/6) D:9
  Swamp (2/4) Lair:2        Snake (0/4) Lair:2        Slime (0/5) Lair:6
    Orc (2/2) D:10            Elf (0/3) Orc:2
 Vaults: D:13-14

Altars:
Cheibriados
Hepliaklqana
Makhleb
Okawaru
Qazlal
Sif Muna
Uskayaw
Vehumet
Wu Jian
Xom
Yredelemnul
Zin

Shops:
D:4 [   D:5 ?   Orc:1 [   Orc:2 !?*[

Annotations:
D:3 2 transporters
D:13 Urug
Lair:3 exclusion: 2 oklob plants
Swamp:2 2 transporters


Innate Abilities, Weirdness & Mutations

You can walk on water.
You have sharp toenails.
You are clumsy. (Dex -2)
You are robust. (+10% HP)


Message History

a spear of venom; a spiny frog skeleton; a spriggan skeleton Health restored: 157
C - 5 bread rations (gained 1)
An insubstantial wisp comes into view.
The insubstantial wisp gives a chilling moan.
You hear a chilling moan.
Found a wand of iceblast (?/15).
An insubstantial wisp is nearby!
An insubstantial wisp is nearby!
An insubstantial wisp is nearby!
An insubstantial wisp comes into view.
An insubstantial wisp comes into view.
The insubstantial wisp gives a chilling moan.
An insubstantial wisp comes into view.
The insubstantial wisp gives a chilling moan.
You hit the insubstantial wisp.
You block the insubstantial wisp's attack.
You hit the insubstantial wisp.
The insubstantial wisp completely misses you.
You hit the insubstantial wisp but do no damage.
You block the insubstantial wisp's attack.
You closely miss the insubstantial wisp.
You barely miss the insubstantial wisp.
The insubstantial wisp blinks!
Your orc knight misses the insubstantial wisp.
You miss the insubstantial wisp. You slice the insubstantial wisp!!
You destroy the insubstantial wisp!
Beogh accepts your kill.
You block the insubstantial wisp's attack.
You slash the insubstantial wisp!
Your orc knight misses the insubstantial wisp.
The insubstantial wisp blinks!
The insubstantial wisp misses your orc knight.
You hit the insubstantial wisp.
You destroy the insubstantial wisp!
Beogh accepts your kill.
You closely miss the insubstantial wisp.
You block the insubstantial wisp's attack.
Your orc knight hits the insubstantial wisp with a flail!
You hit the insubstantial wisp.
The insubstantial wisp hits your orc knight.
The insubstantial wisp blinks!
The insubstantial wisp hits you.
You take 5 damage, and have 152/157 hp.
You closely miss the insubstantial wisp.
Your orc knight misses the insubstantial wisp.
You barely miss the insubstantial wisp.
You block the insubstantial wisp's attack.
You hit the insubstantial wisp.
Your orc knight hits the insubstantial wisp with a flail!!
The insubstantial wisp is destroyed!
Beogh accepts your kill.
You barely miss the insubstantial wisp.
You block the insubstantial wisp's attack.
You barely miss the insubstantial wisp.
The insubstantial wisp thrums sharply.
You are struck by lightning.
The lightning arcs!
Your orc knight is struck by lightning.
The lightning arcs!
You are struck by lightning.
The lightning arcs!
Your orc knight is struck by lightning.
The lightning arcs!
You barely miss the insubstantial wisp.
Your orc knight hits the insubstantial wisp with a flail!!
The insubstantial wisp is destroyed!
Beogh accepts your kill.
Your orc knight looks more experienced.
You take 8 damage, and have 145/157 hp.
No target in view!
No target in view!
No target in view!
C - 6 bread rations (gained 1)
Found 17 stones.
Health restored: 157
r - 4 scrolls of identify (gained 1)
You swap places.
You see here 17 stones.
You swap places.
You are feeling very hungry.
You swap places.
A swamp drake comes into view.
The swamp drake roars!
You hit the swamp drake. You block the swamp drake's attack.
You slice the swamp drake!! You slice the swamp drake!!
You kill the swamp drake!
Beogh accepts your kill.
No target in view!
No target in view!
i - 17 scrolls of teleportation (gained 1)
You swap places.
You now have 1226 gold pieces (gained 21).
You swap places.
Your orc knight says, "Orcs get a bad rep."
Key pressed, stopping explore.
Partly explored, unvisited transporter.
Partly explored, unvisited transporter.
Partly explored, unvisited transporter.
Partly explored, unvisited transporter.
Partly explored, unvisited transporter.
Unknown command.
Level annotation: 2 transporters Welcome back, theanonym the Hill Orc Fighter.
Beogh says: Drown the unbelievers in a sea of blood!

♣.♣♣..≈.§≈...≈...♣♣
♣♣♣♣♣.≈≈..♣.♣..≈..♣
♣♣.......≈...♣♣
♣♣...≈.≈≈.≈.≈♣
♣♣..≈≈.≈≈≈≈♣♣
♣♣≈..≈≈..≈.♣
♣.≈≈≈≈..≈.♣♣
♣♣.♣♣♣.♣≈≈.♣ ♣♣♣
♣♣♣♣@♣♣ ♣≈..♣ ♣♣.♣♣
♣♣♣


There were no monsters in sight!

Vanquished Creatures
  Donald (Orc:2)
  A stone giant (Orc:1)
  The ghost of zero the Cleaver, a journeyman GrBe of Trog (Lair:4)
  An ettin (Orc:2)
  3 hydras
  2 centaur warriors
  3 catoblepae
  An ogre mage (Orc:2)
  7 two-headed ogres
  4 alligators
  8 death yaks (Lair:6)
  The ghost of zero the Cleaver, a novice GrBe of Trog (Lair:1)
  3 spriggans
  An iron troll (Orc:2)
  A hell knight (Volcano)
  2 shambling mangroves (Swamp:2)
  A swamp dragon (Swamp:1)
  2 deep elf magi (D:12)
  An oklob plant (Lair:5)
  3 manticores
  A black mamba (Lair:5)
  2 torpor snails
  A rime drake (Lair:6)
  6 komodo dragons
  9 spiny frogs
  A freezing wraith (D:9)
  A yaktaur (Volcano)
  3 trolls
  A meliai (D:12)
  A polar bear (Lair:4)
  11 hornets
  2 tyrant leeches (Swamp:2)
  A bog body (Swamp:1)
  16 blink frogs
  8 hippogriffs
  6 slime creatures
  3 dream sheep (Lair:6)
  2 shadows
  A wraith (D:12)
  3 wyverns
  6 fire bats (Volcano)
  A hungry ghost (D:8)
  A human (D:12)
  29 yaks
  3 vampire mosquitoes (D:12)
  3 basilisks
  3 nagas (Lair:2)
  2 insubstantial wisps (Swamp:2)
  9 swamp worms
  2 soldier ants
  6 water moccasins
  2 swamp drakes (Swamp:2)
  12 porcupines
  6 ice beasts
  A sky beast (D:9)
  12 orc warriors
  A black bear (D:6)
  5 phantoms
  4 necrophages
  18 ogres
  4 wolves
  5 centaurs
  7 crocodiles
  3 big kobolds
  A wyvern zombie (D:12)
  17 bullfrogs
  3 scorpions
  15 killer bees
  An electric eel (D:11)
  2 howler monkeys (D:4)
  7 crimson imps
  5 jellies
  A bullfrog zombie (D:12)
  8 lava snakes (Volcano)
  5 hounds
  2 centaur skeletons
  2 centaur zombies
  2 quasits (D:9)
  4 orc priests
  2 bullfrog skeletons
  15 orc wizards
  Jessica (D:3)
  8 worker ants
  A hound zombie (D:6)
  A worker ant zombie (D:8)
  4 gnolls (D:3)
  16 adders
  3 river rats (Sewer)
  5 shadow imps
  2 oozes (Lair:6)
  2 adder skeletons (D:9)
  An adder zombie (D:9)
  A dart slug (D:2)
  3 worms
  7 leopard geckos
  56 orcs
  6 bats
  8 giant cockroaches
  2 gnoll zombies (D:9)
  8 hobgoblins
  4 jackals (D:3)
  4 quokkas
  A ball python (D:1)
  7 frilled lizards
  10 goblins
  A jackal skeleton (D:4)
  19 kobolds
  10 rats
  3 fungi
  2 plants
559 creatures vanquished.

Vanquished Creatures (collateral kills)
  A stone giant (Orc:2)
  An ogre mage (Orc:2)
  Erolcha (D:12)
  2 hydras
  A catoblepas (Lair:6)
  9 two-headed ogres
  4 death yaks (Lair:6)
  The ghost of Moloch the Thaumaturge, a journeyman OpWz of Vehumet (D:11)
  2 swamp dragons (Swamp:1)
  A deep troll (Orc:2)
  An orc knight (Orc:2)
  2 orc sorcerers
  A slime creature (Swamp:1)
  2 cyclopes (Orc:2)
  2 spiny frogs
  A rime drake (Lair:3)
  A centaur skeleton (D:11)
  A komodo dragon (Lair:1)
  7 trolls
  A polar bear (Lair:3)
  3 dream sheep (Lair:6)
  A hippogriff (D:12)
  A wyvern (D:12)
  7 yaks
  2 fire bats (Volcano)
  A basilisk (Lair:2)
  Grum (D:10)
  2 insubstantial wisps (Swamp:2)
  A warg (Orc:2)
  A water moccasin (Lair:1)
  6 orc warriors
  An ice beast (D:12)
  9 ogres
  2 wolves (Lair:3)
  A centaur (D:12)
  3 crocodiles
  A big kobold (D:11)
  A bullfrog (Lair:3)
  A wyvern skeleton (D:10)
  2 killer bees (D:12)
  3 electric eels (D:11)
  A lava snake (Volcano)
  A bullfrog zombie (D:11)
  2 orc priests (Orc:2)
  3 orc wizards
  A worker ant (D:12)
  2 orcs
  3 kobolds
  3 butterflies (Lair:5)
  A fungus (Lair:5)
109 creatures vanquished.

Vanquished Creatures (others)
  An orc sorcerer (Swamp:1)
  2 orc high priests
  6 orc knights
  2 ogres (D:6)
  10 orc warriors
  A centaur (D:6)
  7 orc wizards
  A howler monkey (D:6)
  7 orc priests
  A worker ant (D:6)
  A hound skeleton (D:4)
  An adder (D:6)
  42 orcs
  A quokka (D:6)
  A ball python (D:6)
  5 fungi
  5 plants
94 creatures vanquished.

Grand Total: 762 creatures vanquished

Notes
Turn   | Place    | Note
-------+----------+-------------------------------------------
     0 | D:1      | theanonym the Hill Orc Fighter began the quest for the Orb.
     0 | D:1      | Reached XP level 1. HP: 19/19 MP: 1/1
    74 | D:1      | Reached skill level 3 in Axes
   156 | D:1      | Reached XP level 2. HP: 19/27 MP: 2/2
   582 | D:2      | Reached XP level 3. HP: 33/33 MP: 3/3
   616 | D:2      | Reached skill level 4 in Fighting
  1185 | D:2      | Reached skill level 4 in Axes
  1186 | D:2      | Found a snail-covered altar of Cheibriados.
  1265 | D:2      | Reached XP level 4. HP: 40/40 MP: 4/4
  1738 | D:3      | Found a transporter.
  1759 | D:3      | Noticed Jessica
  1781 | D:3      | Killed Jessica
  1781 | D:3      | Reached skill level 4 in Armour
  1781 | D:3      | Reached skill level 4 in Shields
  1781 | D:3      | Reached XP level 5. HP: 33/47 MP: 5/5
  2034 | D:3      | Found a transporter.
  2375 | D:3      | Reached skill level 5 in Axes
  2526 | D:3      | Found a hazy altar of Hepliaklqana.
  2593 | D:3      | Reached XP level 6. HP: 54/55 MP: 6/6
  2613 | D:3      | theanonym: ??beogh
  2613 | D:3      | beem: beogh[1/6]: The Orc god. Only Orcs can worship Beogh, although they can do so as soon as they find an orc priest to convert them. Powers include Smiting, Orcish Allies, Life saving, and Water Walking. Likes killing things and sacrificing orc corpses.
  2613 | D:3      | theanonym: ??beogh[2
  2613 | D:3      | beem: beogh[2/6]: Beogh gives you virtual armour skill levels based on your piety (+.5 to +2.5).
  2613 | D:3      | theanonym: ??beogh[3
  2613 | D:3      | beem: beogh[3/6]: At 5* grants the ability to give named followers ONE item each. At 6* grants the ability to resurrect, revive and convert dead orcs.
  2613 | D:3      | theanonym: ??beogh[4
  2613 | D:3      | beem: beogh[4/6]: The green rat evaporates and reforms as an orc! B - a wand of polymorph other {zapped: 1} The orc falls on its knees before you. It asks, "Are you our saviour?"
  2613 | D:3      | theanonym: ??beogh[5
  2613 | D:3      | beem: beogh[5/6]: !lg * beogh ktyp=water 2 -tv
  2613 | D:3      | theanonym: ??beogh[6
  2613 | D:3      | beem: beogh[6/6]: You swap places. Oreg drops 526 arrows. Oreg picks up a poisoned arrow.
  2965 | D:4      | Became a worshipper of Beogh the Brigand
  3014 | D:4      | Reached skill level 5 in Fighting
  3024 | D:4      | Reached skill level 6 in Axes
  3084 | D:4      | Gained mutation: You are clumsy. (Dex -2) [potion of mutation]
  3084 | D:4      | Gained mutation: Scrolls take you a little longer to read. [potion of mutation]
  3084 | D:4      | Gained mutation: You have sharp toenails. [potion of mutation]
  3087 | D:4      | Reached XP level 7. HP: 47/61 MP: 7/7
  3507 | D:4      | Found Sogedwis's Antique Armour Emporium.
  3554 | D:4      | Reached skill level 5 in Shields
  3556 | D:4      | Reached skill level 7 in Axes
  3556 | D:4      | Reached skill level 5 in Armour
  3682 | D:4      | Found a burning altar of Makhleb.
  3898 | D:4      | Found a shimmering altar of Xom.
  4030 | D:5      | Entered Level 5 of the Dungeon
  4212 | D:5      | Reached XP level 8. HP: 56/70 MP: 8/8
  4276 | D:5      | Found a glowing drain.
  4287 | Sewer    | Entered a sewer
  4295 | Sewer    | Reached * piety under Beogh
  4295 | Sewer    | Reached skill level 6 in Fighting
  4555 | Sewer    | Found a white marble altar of Elyvilon.
  4620 | D:5      | Reached skill level 8 in Axes
  4694 | D:5      | Found Xofal's Magic Scroll Shop.
  4702 | D:5      | Bought a scroll of magic mapping for 49 gold pieces
  5247 | D:6      | Found a hide-covered altar of Uskayaw.
  5283 | D:6      | Reached skill level 6 in Armour
  5283 | D:6      | Reached skill level 6 in Shields
  5464 | D:6      | Reached ** piety under Beogh
  5465 | D:6      | Reached skill level 7 in Fighting
  5668 | D:6      | Reached XP level 9. HP: 49/79 MP: 9/9
  5822 | D:6      | Reached skill level 9 in Axes
  5826 | D:6      | Found a shimmering altar of Xom.
  5939 | D:6      | Found a stormy altar of Qazlal.
  6347 | D:6      | Found an iron altar of Okawaru.
  6347 | D:6      | Found a glowing silver altar of Zin.
  6431 | D:6      | Reached skill level 7 in Armour
  6431 | D:6      | Reached skill level 7 in Shields
  6654 | D:7      | Reached skill level 1 in Invocations
  6836 | D:7      | Reached skill level 8 in Fighting
  6836 | D:7      | Reached skill level 2 in Invocations
  7023 | D:7      | Found a staircase to the Ecumenical Temple.
  7137 | D:8      | Noticed a two-headed ogre
  7349 | D:8      | Reached skill level 10 in Axes
  7362 | D:8      | Killed a two-headed ogre
  7362 | D:8      | Reached skill level 3 in Invocations
  7362 | D:8      | Reached XP level 10. HP: 27/90 MP: 10/12
  7666 | D:8      | Noticed a two-headed ogre
  7672 | D:8      | Killed a two-headed ogre
  7672 | D:8      | Reached skill level 11 in Axes
  7672 | D:8      | Reached skill level 4 in Invocations
  7823 | D:8      | Found a stormy altar of Qazlal.
  7952 | D:8      | Reached skill level 8 in Shields
  8028 | D:8      | Found a radiant altar of Vehumet.
  8162 | D:8      | Reached skill level 8 in Armour
  8589 | D:9      | Noticed a two-headed ogre
  8599 | D:9      | Killed a two-headed ogre
  8599 | D:9      | Reached skill level 9 in Fighting
  9170 | D:9      | Found a staircase to the Lair.
  9509 | D:9      | Reached skill level 12 in Axes
  9515 | D:9      | Found a basalt altar of Yredelemnul.
  9666 | D:9      | Found an ornate altar of the Wu Jian Council.
  9779 | D:9      | Reached *** piety under Beogh
  9947 | D:9      | Found a deep blue altar of Sif Muna.
 10294 | D:9      | Reached XP level 11. HP: 97/97 MP: 14/14
 10322 | D:9      | HP: 5/97 [freezing wraith (5)]
 10749 | D:10     | Entered Level 10 of the Dungeon
 10749 | D:10     | Noticed a two-headed ogre
 10767 | D:10     | Killed a two-headed ogre
 10767 | D:10     | Reached skill level 9 in Armour
 10767 | D:10     | Reached skill level 9 in Shields
 11178 | D:10     | Reached skill level 13 in Axes
 11354 | D:10     | Noticed a two-headed ogre
 11370 | D:10     | Killed a two-headed ogre
 11370 | D:10     | Reached skill level 10 in Fighting
 11370 | D:10     | Reached skill level 5 in Invocations
 11653 | D:10     | Noticed Grum
 11671 | D:10     | Killed Grum
 11884 | D:10     | Found a staircase to the Orcish Mines.
 12067 | D:10     | Gained Norbak as an ally
 12282 | D:11     | Noticed a two-headed ogre
 12291 | D:11     | Killed a two-headed ogre
 12620 | D:11     | Noticed Moloch's ghost (journeyman OpWz)
 12634 | D:11     | Killed Moloch's ghost
 12739 | D:11     | Reached **** piety under Beogh
 13097 | D:11     | Lost mutation: Scrolls take you a little longer to read. [potion of mutation]
 13097 | D:11     | Lost mutation: You are clumsy. (Dex -2) [potion of mutation]
 13097 | D:11     | Gained mutation: You are clumsy. (Dex -2) [potion of mutation]
 13097 | D:11     | Gained mutation: You are robust. (+10% HP) [potion of mutation]
 13337 | D:12     | Noticed Erolcha
 13351 | D:12     | Killed Erolcha
 13352 | D:12     | Reached skill level 14 in Axes
 13361 | D:12     | Noticed a two-headed ogre
 13370 | D:12     | Killed a two-headed ogre
 13667 | D:12     | Reached XP level 12. HP: 92/118 MP: 16/16
 14021 | D:12     | Noticed a centaur warrior
 14040 | D:12     | Killed a centaur warrior
 14040 | D:12     | Reached skill level 10 in Armour
 14040 | D:12     | Reached skill level 10 in Shields
 14040 | D:12     | Reached skill level 6 in Invocations
 14246 | D:12     | Killed a two-headed ogre
 14249 | D:12     | Reached ***** piety under Beogh
 14272 | D:12     | Your ally Norbak died
 14284 | D:12     | Reached skill level 11 in Fighting
 14296 | D:12     | Paralysed by a hornet for 2 turns
 15213 | D:12     | Noticed a two-headed ogre
 15224 | D:12     | Killed a two-headed ogre
 15224 | D:12     | Reached skill level 15 in Axes
 15227 | D:12     | Noticed a four-headed hydra
 15862 | D:12     | Reached skill level 7 in Invocations
 16323 | D:13     | Noticed a centaur warrior
 16324 | D:13     | Noticed Urug
 16511 | D:13     | Noticed a two-headed ogre
 16629 | Orc:1    | Entered Level 1 of the Orcish Mines
 16765 | Orc:1    | Gained Thorok as an ally
 16864 | Orc:1    | Noticed a stone giant
 16875 | Orc:1    | Your ally Thorok died
 16880 | Orc:1    | Killed a stone giant
 17653 | Orc:1    | Identified 2 scrolls of acquirement
 17694 | Orc:1    | Identified a +1 pair of boots of running (You acquired it on level 1 of the Orcish Mines)
 17696 | Orc:2    | Entered Level 2 of the Orcish Mines
 17714 | Orc:2    | Noticed a stone giant
 17724 | Orc:2    | Killed a stone giant
 17782 | Orc:2    | Paralysed by an orc sorcerer for 5 turns
 18015 | Orc:2    | Noticed an orc high priest
 18023 | Orc:2    | Found a staircase to the Elven Halls.
 18153 | Orc:2    | Found Jegom's Magic Scroll Boutique.
 18164 | Orc:2    | Noticed an ogre mage
 18166 | Orc:2    | Noticed a two-headed ogre
 18170 | Orc:2    | Noticed an ettin
 18173 | Orc:2    | Killed an ogre mage
 18173 | Orc:2    | Reached skill level 8 in Invocations
 18173 | Orc:2    | Reached XP level 13. HP: 103/128 MP: 8/19
 18177 | Orc:2    | Killed an ettin
 18177 | Orc:2    | Reached skill level 16 in Axes
 18183 | Orc:2    | Reached skill level 11 in Armour
 18183 | Orc:2    | Reached skill level 11 in Shields
 18196 | Orc:2    | Reached skill level 12 in Fighting
 18626 | Orc:1    | Found Pustall's Antique Armour Shop.
 18786 | Orc:2    | Reached skill level 9 in Invocations
 18843 | Orc:2    | Noticed Donald
 18847 | Orc:2    | Killed Donald
 19045 | Orc:2    | Found Kixkoudue's Armour Boutique.
 19047 | Orc:2    | Found Zacitav's Distillery.
 19048 | Orc:2    | Bought a scroll of enchant armour for 90 gold pieces
 19048 | Orc:2    | Bought a scroll of blinking for 90 gold pieces
 19048 | Orc:2    | Bought a scroll of blinking for 90 gold pieces
 19049 | Orc:2    | Bought a scroll of identify for 24 gold pieces
 19049 | Orc:2    | Bought a scroll of identify for 24 gold pieces
 19058 | Orc:2    | Found Amatoreq's General Store.
 19064 | Orc:2    | Bought a potion of heal wounds for 65 gold pieces
 19064 | Orc:2    | Bought a potion of heal wounds for 65 gold pieces
 19064 | Orc:2    | Bought a potion of haste for 130 gold pieces
 19213 | D:5      | Bought a scroll of acquirement for 728 gold pieces
 19213 | D:5      | Bought a scroll of identify for 28 gold pieces
 19214 | D:5      | Bought a scroll of identify for 28 gold pieces
 19707 | Lair:1   | Entered Level 1 of the Lair of Beasts
 20340 | Lair:1   | Reached skill level 10 in Invocations
 20437 | Lair:1   | Noticed zero's ghost (novice GrBe)
 20449 | Lair:1   | Killed zero's ghost
 20966 | Lair:2   | Got a vibrating steel ring
 20988 | Lair:2   | Found a dark tunnel.
 20997 | Lair:2   | Identified the ring of Ukludubb {rF+ rC+ Str+2 Dex+2} (You found it on level 2 of the Lair of Beasts)
 20999 | Volcano  | Entered a volcano
 21300 | Volcano  | Reached skill level 13 in Fighting
 21300 | Volcano  | Reached skill level 12 in Armour
 21300 | Volcano  | Reached skill level 12 in Shields
 21302 | Volcano  | Reached XP level 14. HP: 102/141 MP: 21/21
 21318 | Volcano  | Found a bloodstained altar of Trog.
 21466 | Lair:2   | Found a staircase to the Snake Pit.
 21600 | Lair:2   | Found a staircase to the Swamp.
 23242 | Lair:3   | Gained Bolgrim as an ally
 24652 | Lair:4   | Noticed zero's ghost (journeyman GrBe)
 24665 | Lair:4   | Killed zero's ghost
 24851 | Lair:5   | Reached skill level 14 in Fighting
 25002 | Lair:5   | Reached skill level 13 in Armour
 25013 | Lair:5   | Reached skill level 13 in Shields
 25065 | Lair:5   | Got a smoking arbalest
 25800 | Lair:5   | Got a turquoise-encrusted scale mail
 25858 | Lair:6   | Entered Level 6 of the Lair of Beasts
 25975 | Lair:6   | Gained Bogrim as an ally
 26008 | Lair:6   | Your ally Bogrim died
 26106 | Lair:6   | Found a staircase to the Slime Pits.
 26251 | Lair:6   | Gained Wulfoc as an ally
 26259 | Lair:6   | Reached ****** piety under Beogh
 26421 | Lair:6   | Reached XP level 15. HP: 151/152 MP: 22/22
 26841 | Lair:6   | Reached skill level 15 in Fighting
 27155 | Lair:6   | Found the +0 sword of Power
 27467 | Lair:6   | Reached skill level 14 in Armour
 27467 | Lair:6   | Reached skill level 14 in Shields
 27804 | Swamp:1  | Entered Level 1 of the Swamp
 27810 | Swamp:1  | Gained Olfik as an ally
 27822 | Swamp:1  | Your ally Olfik died
 28310 | Swamp:1  | HP: 15/155 [poisoned by a swamp dragon (poison gas)]
 28327 | Swamp:1  | HP: 14/155 [poisoned by a swamp dragon (poison gas)]
 28332 | Swamp:1  | HP: 9/155 [poisoned by a swamp dragon (poison gas)]
 28337 | Swamp:1  | HP: 6/155 [poisoned by a swamp dragon (poison gas)]
 28342 | Swamp:1  | HP: 4/155 [poisoned by a swamp dragon (poison gas)]
 28347 | Swamp:1  | HP: 4/155 [poisoned by a swamp dragon (poison gas)]
 28353 | Swamp:1  | HP: 4/155 [poisoned by a swamp dragon (poison gas)]
 28360 | Swamp:1  | HP: 4/155 [poisoned by a swamp dragon (poison gas)]
 28571 | Swamp:1  | HP: 14/155 [poisoned by a swamp dragon (poison gas)]
 28576 | Swamp:1  | Your ally Wulfoc died
 30059 | Swamp:2  | Found a transporter.
 30264 | Swamp:2  | Found a transporter.
 30987 | Swamp:2  | Quit the game

Vault maps used:
D:1:      matt_arrival_grand_opening
D:2:      kennysheep_slug_shrine
D:3:      gammafunk_steamed_eel, marbit_many_paths, first_bread, uniq_jessica
D:4:      old_standard_altar, overflow_temple_1_default, serial_shops, shop
D:5:      cheibrodos_sewer_entry_drain, serial_shops, shop_scrolls
D:6:      nicolae_qazlal_style_of_elements, gammafunk_temple_overflow_wave,
          basic_altar, xom_confusion_cloud
D:7:      minmay_temple_entry_hall
D:8:      old_standard_altar, basic_altar
D:9:      kennysheep_windowed_halls, led_sif_book,
          lemuel_zombie_altar_yredelemnul, lemuel_coloured_pillars_altar,
          dpeg_oklobed_lair
D:10:     orc_0_dummy, uniq_grum
D:12:     minmay_imperfect_grid, hangedman_stone_soup, uniq_erolcha
D:13:     david_vaults_5, minivault_20, nicolae_tso_swordbearing_angel,
          uniq_sonja, uniq_urug
Lair:1:   infiniplex_staircase_pool_2, serial_bayou_shore_b
Lair:2:   swamp_mist, guppyfry_snake_entry_garden,
          nicolae_volcano_entry_lava_flow, infiniplex_staircase_pool
Lair:3:   lemuel_fruit_tree, minmay_lair_oklob_chamber
Lair:5:   lemuel_fruit_fields, grunt_megastairs_1
Lair:6:   evilmike_catoblepas_cave, nicolae_slime_entry_slimehenge
Swamp:1:  hangedman_swamp_diagram
Swamp:2:  gammafunk_its_a_trap, nicolae_swamp_very_dense_foliage, swamp_pool4
Orc:1:    cheibrodos_orc_arena, serial_shops, nicolae_shop_crystal
Orc:2:    st_orc_open, uniq_donald
Sewer:    sewer_kobolds
Volcano:  volcano_grotto

Skill      XL: |  1  2  3  4  5  6  7  8  9 10 11 12 13 14 15 |
---------------+----------------------------------------------+-----
Axes           | 3 4 5 6 7 8 10 12 14 15 16 | 16.0
Fighting       | 4 5 7 8 9 10 11 13 14 15 | 15.7
Armour         | 4 5 6 7 8 9 10 12 13 14 | 14.5
Shields        | 4 5 6 7 8 9 10 12 13 14 | 14.5
Invocations    | 3 4 5 8 10 | 10.0

Action                   |  1- 3 |  4- 6 |  7- 9 | 10-12 | 13-15 || total
-------------------------+-------+-------+-------+-------+-------++-------
Melee: War axe           |   119 |   164 |   322 |   717 |   881 ||  2203
       Kick              |       |     1 |   106 |   235 |       ||   342
Invok: Convert to Beogh  |       |     1 |       |       |       ||     1
       Smiting           |       |       |       |    10 |    13 ||    23
       Recall Orcish Fol |       |       |       |     9 |     5 ||    14
       Resurrection      |       |       |       |       |     1 ||     1
       Stop Recall       |       |       |       |       |     1 ||     1
Evoke: Wand              |       |       |     2 |    15 |     6 ||    23
  Use: Scroll            |     1 |     6 |     8 |     6 |    14 ||    35
       Potion            |       |     6 |     4 |     9 |    13 ||    32
 Stab: Confused          |       |       |       |     4 |     3 ||     7
       Distracted        |       |       |       |     3 |     8 ||    11
       Paralysed         |       |       |       |       |    11 ||    11
  Eat: Chunk             |     1 |     3 |     8 |    37 |    29 ||    78
       Bread ration      |       |     1 |     1 |     1 |       ||     3
       Meat ration       |       |       |       |     2 |       ||     2
Armor: Scale mail        |    42 |    87 |   104 |   222 |     2 ||   457
       Plate armour      |       |       |       |     8 |   341 ||   349
       Swamp dragon scal |       |       |       |       |    64 ||    64
Dodge: Dodged            |    36 |    68 |    90 |   162 |   176 ||   532
Block: Shield            |    53 |   138 |   194 |   465 |   537 ||  1387

Table legend:
 A = Spawn XP
 B = Non-spawn XP
 C = Spawn XP percentage of total XP
 D = Spawn monster count
 E = Non-spawn monster count
 F = Spawn count percentage of total count
 G = Total turns spent on level
                    A         B        C        D         E        F      G
               +---------+---------+-------+---------+---------+-------+---------
         Total |       0 |  114219 |   0.0 |       0 |     658 |   0.0 | 30987
               +---------+---------+-------+---------+---------+-------+---------
           D:1 |       0 |      18 |   0.0 |       0 |      11 |   0.0 |   465
           D:2 |       0 |      78 |   0.0 |       0 |      26 |   0.0 |  1106
           D:3 |       0 |     364 |   0.0 |       0 |      46 |   0.0 |  1439
           D:4 |       0 |     432 |   0.0 |       0 |      20 |   0.0 |  1020
           D:5 |       0 |     642 |   0.0 |       0 |      25 |   0.0 |   934
           D:6 |       0 |    1367 |   0.0 |       0 |      30 |   0.0 |  1466
           D:7 |       0 |     693 |   0.0 |       0 |      15 |   0.0 |   952
           D:8 |       0 |    2750 |   0.0 |       0 |      17 |   0.0 |  1283
           D:9 |       0 |    3426 |   0.0 |       0 |      46 |   0.0 |  2046
          D:10 |       0 |    3530 |   0.0 |       0 |      23 |   0.0 |  1603
          D:11 |       0 |    2200 |   0.0 |       0 |      18 |   0.0 |  1124
          D:12 |       0 |   10758 |   0.0 |       0 |      63 |   0.0 |  3098
          D:13 |       0 |     427 |   0.0 |       0 |       3 |   0.0 |   100
        Lair:1 |       0 |    4424 |   0.0 |       0 |      20 |   0.0 |  1302
        Lair:2 |       0 |    2182 |   0.0 |       0 |      11 |   0.0 |   976
        Lair:3 |       0 |    8333 |   0.0 |       0 |      35 |   0.0 |  1415
        Lair:4 |       0 |    4287 |   0.0 |       0 |      16 |   0.0 |   920
        Lair:5 |       0 |    4676 |   0.0 |       0 |      16 |   0.0 |  1040
        Lair:6 |       0 |   21539 |   0.0 |       0 |      58 |   0.0 |  1861
       Swamp:1 |       0 |    6766 |   0.0 |       0 |      19 |   0.0 |  1990
       Swamp:2 |       0 |   11937 |   0.0 |       0 |      32 |   0.0 |  1193
         Orc:1 |       0 |    2616 |   0.0 |       0 |      16 |   0.0 |  1669
         Orc:2 |       0 |   16514 |   0.0 |       0 |      60 |   0.0 |  1221
         Sewer |       0 |     139 |   0.0 |       0 |      10 |   0.0 |   315
       Volcano |       0 |    4121 |   0.0 |       0 |      22 |   0.0 |   449
               +---------+---------+-------+---------+---------+-------+---------
